Map: Submarine LE

Players

Reynor - Winner!

  • Race: Zerg Zerg
  • Spawn Location: 5:00

LiquidMaNa (MaNa)

  • Race: Protoss Protoss
  • League: Grandmaster
  • Spawn Location: 11:00

Event: DreamHack SC2 Masters 2020 Summer Europe

VOD

Have the link to the VOD?

Description

Time

  • Played on: July 3, 2020, 11:10 a.m.
  • Length: 11:23

All games in this series

Show
View Real Time Build Order
Export as new Build Order

Reynor Zerg - Winner!

Build Orders: Pool First 

Get SALT Encoding   

  12  0:00  Drone  
  13  0:12  Overlord  
  13  0:16  Drone  
  14  0:30  Drone x2  
  16  0:41  Spawning Pool  
  15  0:44  Drone  
  16  1:06  Hatchery  
  16  1:09  Drone  
  16  1:28  Zergling x6  
  16  1:30  Queen  
  21  1:35  Extractor  
  21  1:39  Drone  
  21  1:49  Overlord  
  21  2:01  Drone  
  21  2:07  Queen  
  24  2:11  Drone  
  25  2:18  Drone  
  25  2:20  Queen  
  25  2:22  Zergling x2  
  29  2:29  Zergling x2  
  30  2:33  Drone  
  31  2:38  Drone x3  
  31  2:43  Metabolic Boost  
  34  2:48  Overlord  
  34  2:50  Drone  
  35  2:53  Drone  
  36  3:04  Overlord  
  36  3:06  Drone  
  36  3:07  Drone  
  37  3:13  Drone  
  37  3:16  Drone  
  37  3:17  Spore Crawler  
  38  3:26  Hatchery  
  37  3:27  Drone  
  37  3:29  Drone  
  37  3:31  Drone  
  37  3:33  Drone  
  41  3:35  Drone  
  41  3:37  Drone  
  41  3:40  Overlord  
  43  3:47  Zergling x4  
  45  3:49  Drone x2  
  45  3:50  Drone  
  45  3:53  Drone x2  
  50  4:01  Zergling x6  
  53  4:03  Queen  
  53  4:06  Zergling x2  
  53  4:08  Zergling x2  
  57  4:12  Spine Crawler  
  57  4:13  Zergling x2  
  58  4:17  Roach Warren  
  58  4:20  Zergling x2, Spine Crawler  
  58  4:21  Spine Crawler  
  58  4:22  Queen  
  58  4:26  Overlord  
  58  4:28  Zergling x2  
  58  4:30  Zergling x2  
  59  4:42  Zergling x2  
  59  4:43  Overlord  
  60  4:48  Zergling x8  
  64  4:53  Evolution Chamber  
  64  4:54  Evolution Chamber  
  64  4:55  Evolution Chamber  
  64  4:59  Roach x3  
  67  5:03  Roach, Zergling x2  
  67  5:06  Spore Crawler  
  69  5:10  Zergling x2  
  69  5:11  Roach  
  69  5:13  Spore Crawler  
  71  5:22  Roach, Zergling x2  
  67  5:28  Roach  
  67  5:31  Roach  
  63  5:40  Drone x3  
  66  5:45  Roach  
  66  5:49  Roach  
  70  5:53  Drone  
  70  5:54  Drone  
  72  5:58  Overlord  
  72  6:01  Drone  
  72  6:03  Drone  
  74  6:05  Drone  
  75  6:16  Drone x2  
  75  6:18  Drone x3  
  78  6:19  Drone  
  78  6:24  Lair  
  78  6:26  Overlord  
  78  6:30  Drone x2  
  80  6:33  Drone  
  80  6:35  Extractor x2  
  80  6:38  Drone  
  80  6:41  Evolution Chamber  
  80  6:42  Overlord  
  80  6:44  Drone  
  78  6:51  Drone x3  
  81  6:56  Roach x3  
  81  6:59  Zergling x2  
  81  7:00  Zergling x2  
  89  7:08  Overlord  
  89  7:14  Drone  
  90  7:16  Drone  
  90  7:21  Overseer  
  91  7:25  Hatchery  
  91  7:26  Drone  
  91  7:27  Drone x3  
  91  7:28  Extractor  
  93  7:30  Overseer  
  93  7:32  Roach x2, Zergling x2  
  99  7:40  Roach  
  99  7:42  Drone  
  97  7:49  Roach x2  
  97  7:50  Roach x2  
  103  7:52  Drone  
  103  7:54  Drone  
  103  7:58  Hatchery  
  104  8:00  Drone x3  
  104  8:03  Zerg Missile Weapons Level 1  
  107  8:08  Drone, Overlord  
  107  8:12  Drone  
  108  8:19  Overlord  
  108  8:20  Glial Reconstitution  
  108  8:21  Overlord  
  108  8:31  Overlord  
  108  8:32  Spore Crawler  
  107  8:35  Ravager  
  107  8:38  Ravager x3  
  107  8:41  Zergling x4  
  112  8:42  Drone x3  
  112  8:43  Overseer  
  117  8:48  Roach  
  117  8:54  Drone x2  
  117  8:55  Drone x4  
  120  9:00  Roach x2  
  121  9:07  Roach  
  123  9:10  Roach x2  
  127  9:17  Roach  
  127  9:21  Ravager x3, Overlord x3  
  127  9:23  Drone  
  133  9:25  Extractor  
  133  9:27  Extractor  
  131  9:33  Overlord  
  131  9:39  Drone x2  
  131  9:40  Drone x3  
  131  9:41  Drone  
  131  9:43  Roach  
  139  9:47  Roach x4  
  139  9:49  Ravager x2  
  139  9:51  Ravager  
  150  10:01  Hatchery  
  150  10:02  Ravager x2  
  150  10:07  Roach, Zergling x10  
  158  10:10  Overlord  
  158  10:17  Overlord  
  158  10:21  Pneumatized Carapace  
  158  10:25  Roach x2  
  158  10:26  Overlord  
  161  10:29  Roach  
  163  10:36  Drone x4  
  163  10:37  Drone, Baneling Nest  
  163  10:39  Overlord  
  163  10:42  Roach  
  169  10:43  Ravager x3  
  169  10:45  Drone  
  169  10:46  Drone  
  169  10:49  Drone x2  
  176  10:54  Overlord  
  176  11:03  Roach, Zergling x14  
  176  11:04  Zergling x2  
Show
View Real Time Build Order
Export as new Build Order

LiquidMaNa Protoss 

Build Orders: Mass Adepts, Dark Templar Rush 

Get SALT Encoding   

  12  0:00  Probe  
  13  0:12  Probe  
  14  0:18  Pylon  
  14  0:24  Probe  
  15  0:32  Probe  
  15  0:40  Probe  
  16  0:44  Gateway  
  17  0:51  Probe  
  17  0:53  Assimilator  
  18  1:03  Probe  
  19  1:10  Gateway  
  19  1:15  Probe  
  20  1:18  Pylon  
  20  1:29  Probe  
  20  1:30  Cybernetics Core  
  21  1:36  Assimilator  
  21  1:39  Zealot  
  23  1:42  Probe  
  24  1:55  Probe  
  24  1:57  Adept x2  
  25  2:06  Pylon  
  29  2:08  Warp Gate  
  29  2:13  Probe  
  30  2:27  Twilight Council  
  30  2:31  Adept  
  30  2:35  Adept  
  34  2:38  Probe  
  35  2:46  Pylon  
  35  2:53  Resonating Glaives  
  35  3:04  Adept  
  35  3:05  Adept  
  39  3:13  Gateway  
  39  3:21  Gateway  
  39  3:32  Dark Shrine  
  39  3:37  Probe  
  40  3:42  Pylon  
  40  3:49  Probe  
  41  3:56  Adept  
  41  3:57  Adept  
  45  4:17  Adept x3  
  45  4:18  Adept  
  45  4:23  Pylon  
  53  4:29  Pylon  
  53  4:43  Adept x2  
  57  4:46  Dark Templar  
  59  4:55  Dark Templar  
  57  5:18  Dark Templar  
  41  5:41  Dark Templar, Probe  
  36  5:49  Adept x2  
  40  5:50  Nexus  
  40  5:54  Probe  
  39  6:06  Probe  
  40  6:13  Adept x3  
  40  6:18  Probe  
  43  6:24  Adept  
  45  6:30  Probe  
  44  6:34  Robotics Facility  
  44  6:41  Probe  
  44  6:43  Adept x3  
  51  6:49  Probe  
  52  6:59  Probe  
  52  7:05  Probe  
  50  7:11  Probe  
  50  7:13  Dark Templar, Immortal  
  51  7:17  Probe  
  56  7:23  Probe  
  58  7:30  Probe  
  58  7:43  Immortal, Probe  
  59  7:46  Probe  
  59  7:48  Assimilator  
  59  7:49  Assimilator  
  52  7:54  Stalker  
  58  8:04  Pylon  
  58  8:09  Probe x2  
  58  8:11  Dark Templar  
  58  8:12  Warp Prism  
  63  8:27  Forge  
  63  8:28  Gateway  
  63  8:29  Pylon  
  63  8:32  Sentry  
  65  8:38  Gateway  
  66  8:49  Archon  
  66  8:50  Stalker  
  66  8:55  Cybernetics Core  
  68  9:00  Probe x2  
  70  9:05  Blink  
  70  9:10  Observer  
  70  9:18  Nexus  
  70  9:20  Probe  
  70  9:23  Sentry x2  
  75  9:25  Sentry  
  77  9:36  Immortal  
  81  9:46  Probe  
  81  9:47  Probe  
  81  9:49  Stalker x2  
  87  9:59  Robotics Bay  
  87  10:08  Stalker x2  
  87  10:12  Shield Battery  
  91  10:15  Pylon  
  91  10:19  Pylon  
  91  10:20  Stalker  
  93  10:35  Pylon  
  93  10:39  Nexus  
  97  10:43  Disruptor  
  97  10:44  Probe x2  
  98  10:50  Adept x4  
Tags
 
Add a new tag
Caveats
  • Supply blocks, unpowered buildings, or Contaminate may cause inaccurate times.
  • Supply counts are checked every 10 seconds.